 Dungeon Crawl Stone Soup version 0.28.0 (webtiles) character file.

Game seed: 8971565977359947393

879 HallandMoats the Skirmisher (level 8, -3/71 HPs)
             Began as a Ghoul Monk on Feb 12, 2022.
             Was an Initiate of Makhleb.
             Slain by an orc warrior (14 damage)
             ... on level 4 of the Dungeon.
             The game lasted 00:06:02 (6387 turns).

HallandMoats the Skirmisher (Ghoul Monk)            Turns: 6387, Time: 00:06:02

Health: -3/71      AC:  8    Str: 17      XL:     8   Next: 5%
Magic:  7/7        EV: 12    Int:  3 (5)  God:    Makhleb [......]
Gold:   182        SH:  0    Dex: 11      Spells: 7/7 levels left

rFire   . . .      SeeInvis .     - Unarmed
rCold   + . .      Faith    .   (no shield)
rNeg    + + +      Spirit   .   e - +0 ring mail rPois āˆž Reflect .
                                h - +1 helmet
rElec   .          Harm     .   (no cloak)
rCorr   .          Rampage  .   (no gloves)
Will    .....                   d - +0 pair of boots
Stlth   +.........              (no amulet)
HPRegen 0.00/turn               (no ring)
MPRegen 0.10/turn               (no ring)

@: inhibited regen
A: claws 1, cold resistance 1, negative energy resistance 3, inhibited
regeneration, torment resistance 2
a: Renounce Religion


You were on level 4 of the Dungeon.
You worshipped Makhleb.
Makhleb was noncommittal.
You visited 1 branch of the dungeon, and saw 5 of its levels.

You collected 182 gold pieces.

Inventory:

Armour
 d - a +0 pair of boots (worn)
 e - a +0 ring mail (worn)
 h - a +1 helmet (worn)
Jewellery
 n - a ring of fire
Wands
 o - a wand of polymorph (6)
Scrolls
 i - 5 scrolls of teleportation
 l - a scroll of enchant armour
 p - a scroll of magic mapping
Potions
 a - 3 potions of might
 b - a potion of resistance
 c - a potion of haste
 f - a potion of curing {unknown}
 j - a potion of cancellation
 k - 2 potions of attraction {unknown}
 m - a potion of berserk rage {unknown}


   Skills:
 * Level 6.5 Fighting
 + Level 3.0 Armour
 + Level 4.2 Dodging
 - Level 2.1 Stealth
 * Level 6.4 Unarmed Combat


You had 7 spell levels left.
You didn't know any spells.
Your spell library contained the following spells:

 Spells                   Type           Power      Damage    Failure   Level
 Animate Skeleton         Necr           0%         N/A       73%         1
 Apportation              Tloc           0%         N/A       73%         1
 Magic Dart               Conj           0%         1d3       73%         1
 Summon Small Mammal      Summ           0%         N/A       73%         1
 Call Imp                 Summ           0%         N/A       86%         2
 Mephitic Cloud           Conj/Pois/Air  0%         N/A       97%         3
 Summon Forest            Summ/Tloc      0%         N/A       100%        5
 Summon Mana Viper        Hex/Summ       0%         N/A       100%        5
 Summon Cactus Giant      Summ           0%         N/A       100%        6


Dungeon Overview and Level Annotations

Branches:
Dungeon (5/15)
 Temple: D:4-7

Altars:
Dithmenos
Hepliaklqana
Makhleb
Nemelex Xobeh
Ru
Sif Muna
Uskayaw
Vehumet
The Shining One

Shops:
D:4 (


Innate Abilities, Weirdness & Mutations

You thrive by killing the living.
You are immune to poison.
You have sharp fingernails.
Your flesh is cold resistant. (rC+)
You are immune to negative energy. (rN+++)
You do not regenerate when monsters are visible.
You are immune to unholy pain and torment.


Message History

You are more confused.
The orc warrior hits you from afar with a +0 trident!
You bump into the rock wall.
The orc wizard hits you with a +0 dagger.
The orc warrior hits you from afar with a +0 trident!!
The orc wizard hits you but does no damage.
You claw the orc wizard!
The orc wizard is heavily wounded.
The orc warrior misses you.
You bump into the rock wall.
The orc wizard gestures wildly while chanting.
The orc wizard flickers and vanishes!
Deactivating autopickup; reactivate with Ctrl-A.
The orc warrior hits you from afar with a +0 trident.
You bump into the rock wall.
Something hits you but does no damage. The orc warrior misses you.
You're too confused to move!
You feel less confused.
You hear some strange, mumbled words.
A puff of flame appears from out of thin air!
The puff of flame hits you.
The orc warrior hits you from afar with a +0 trident.
* * * LOW HITPOINT WARNING * * *
You hear some strange, mumbled words.
You are confused.
Something hits you but does no damage. The orc warrior completely misses you.
The orc warrior closely misses you. Something hits you but does no damage.
The orc warrior hits you from afar with a +0 trident.
* * * LOW HITPOINT WARNING * * *
Something hits you.
* * * LOW HITPOINT WARNING * * *
The orc warrior hits you with a +0 trident.
* * * LOW HITPOINT WARNING * * *
Something hits you.
* * * LOW HITPOINT WARNING * * *
You miss something. The orc warrior closely misses you.
You feel less confused. Something hits you but does no damage.
The orc warrior hits you with a +0 trident!
You die...

.######.# #.#.##.....Pā‰ˆ###.#
.# #.# #.#.##.......# #.# .#
#.# #.#.############.##
.######.###...## #...###
.#...##........## #.....#
#>....#.........# #...#o#
..)....#.....#..#############.#
........[.##.#...#......#####.#
.......#..##....@#.#.<..<.o...#
.......#........o....##.#######
#....#.##.####...#.####.#
#.#.............##......#
....##.##.###############
#.#.##.##.# #.#.##.##.#
..........## ....##.#...##


You could see an orc warrior.

Vanquished Creatures
  Duvessa (D:5)
  An ogre (D:4)
  A scorpion (D:5)
  Dowan (D:5)
  5 orc priests
  4 hounds
  A jelly (D:5)
  An iguana (D:5)
  An orc wizard (D:3)
  A killer bee zombie (D:5)
  A hound zombie (D:5)
  2 hound skeletons (D:4)
  7 gnolls
  2 adders
  2 white imps (D:5)
  2 worms
  A dart slug (D:2)
  3 orcs
  6 bats
  11 endoplasms
  3 giant cockroaches
  6 hobgoblins
  2 jackals (D:1)
  9 kobolds
  3 quokkas
  8 ball pythons
  2 frilled lizards
  4 goblins
  5 rats
96 creatures vanquished.

Notes
Turn   | Place    | Note
-------+----------+-------------------------------------------
     0 | D:1      | HallandMoats the Ghoul Monk began the quest for the Orb.
     0 | D:1      | Reached XP level 1. HP: 19/19 MP: 0/0
   184 | D:1      | Found a faded altar of an unknown god.
   210 | D:1      | Prayed at the altar of an unknown god.
   210 | D:1      | Became a worshipper of Sif Muna the Loreminder
   210 | D:1      | Reached * piety under Sif Muna
   210 | D:1      | Reached ** piety under Sif Muna
   218 | D:1      | Reached XP level 2. HP: 26/26 MP: 1/1
   533 | D:1      | Reached *** piety under Sif Muna
   802 | D:1      | Reached XP level 3. HP: 24/33 MP: 2/2
  1611 | D:3      | Reached skill level 1 in Armour
  2201 | D:3      | Reached XP level 4. HP: 40/40 MP: 3/3
  2410 | D:3      | Reached XP level 5. HP: 24/47 MP: 4/4
  3086 | D:2      | Reached **** piety under Sif Muna
  3414 | D:3      | Found a radiant altar of Vehumet.
  3414 | D:3      | Found a hide-covered altar of Uskayaw.
  3416 | D:3      | Found a burning altar of Makhleb.
  3416 | D:3      | Found a sacrificial altar of Ru.
  3417 | D:3      | Found a shadowy altar of Dithmenos.
  3417 | D:3      | Found a hazy altar of Hepliaklqana.
  3419 | D:3      | Found a sparkling altar of Nemelex Xobeh.
  3419 | D:3      | Found a shimmering blue altar of Sif Muna.
  3645 | D:3      | Fell from the grace of Sif Muna
  3645 | D:3      | Became a worshipper of Makhleb the Destroyer
  3741 | D:4      | Reached skill level 5 in Fighting
  3741 | D:4      | Reached XP level 6. HP: 56/56 MP: 5/5
  3759 | D:4      | Reached skill level 5 in Unarmed Combat
  3949 | D:4      | Found Wefam's Antique Weapon Emporium.
  4220 | D:4      | Reached XP level 7. HP: 10/61 MP: 6/6
  4705 | D:5      | Entered Level 5 of the Dungeon
  4932 | D:5      | Noticed Dowan
  4933 | D:5      | Noticed Duvessa
  4938 | D:5      | Killed Dowan
  4948 | D:5      | HP: 3/63 [Duvessa (11)]
  4951 | D:5      | Killed Duvessa
  4956 | D:5      | HP: 3/63 [acid (2)]
  5327 | D:5      | Reached XP level 8. HP: 71/71 MP: 7/7
  5329 | D:5      | Reached * piety under Makhleb
  6387 | D:4      | Slain by an orc warrior

Illustrated notes

Levels and vault maps discovered:
D:1:      dpeg_arrival_shelter, layout_basic, basic_ecumenical_altar,
          grunt_decor_junction
D:2:      layout_basic, kennysheep_generic_room_3
D:3:      layout_loops_ring, nicolae_overflows_in_rows, hangedman_decor_lopped,
          minmay_misc_feat_secret_circle, nicolae_concentric_dashed_squares_wild
D:4:      layout_loops_cross, serial_shops, nicolae_shop_waterfront,
          serial_bayou_pond_d
D:5:      layout_basic, lemuel_tele_altar, uniq_duvessa

Skill      XL: |  1  2  3  4  5  6  7  8 |
---------------+-------------------------+-----
Dodging        | 3 4 |  4.2
Fighting       | 4 5 6 |  6.5
Armour         | 1 2 3 |  3.0
Unarmed Combat | 4 5 6 |  6.4
Stealth        | |  2.1

Action                   |  1- 3 |  4- 6 |  7- 9 || total
-------------------------+-------+-------+-------++-------
Melee: Unarmed           |   129 |   112 |   132 ||   373
       Punch             |     3 |     5 |     2 ||    10
  Use: Scroll            |       |       |     7 ||     7
       Potion            |       |       |     1 ||     1
 Stab: Sleeping          |     6 |     1 |       ||     7
Armor: Robe              |     2 |       |       ||     2
       Ring mail         |    30 |    38 |    51 ||   119
Dodge: Dodged            |    75 |    60 |    80 ||   215
